 Dungeon Crawl Stone Soup version 0.31.0-9-g3a7656b989 (webtiles) character file.

Game seed: 3240319163337944929

37 qw the Shooter (level 3, -1/18 HPs)
             Began as a Spriggan Hunter on Feb 2, 2024.
             Killed from afar by Natasha (10 damage)
             ... with a magic dart
             ... on level 2 of the Dungeon.
             The game lasted 00:00:03 (1059 turns).

qw the Shooter (Spriggan Hunter)                    Turns: 1059, Time: 00:00:03

Health: -1/18      AC:  2    Str:  7    XL:     3   Next: 21%
Magic:  4/4        EV: 19    Int: 10    God:
Gold:   121        SH:  0    Dex: 20    Spells: 2/2 levels left

rFire   . . .        a - +0 shortbow (flame)
rCold   . . .        (shield currently unavailable)
rNeg    . . .        c - +0 robe
rPois   .            (helmet restricted)
rElec   .            (no cloak)
rCorr   .            (gloves unavailable)
SInv    +            (boots unavailable)
Will    .....        (no amulet)
Stlth   ++           (no ring)
HPRegen 0.23/turn    (no ring)
MPRegen 0.09/turn

%: no passive effects
@: very quick
A: very small, no large weapons, unfitting armour, see invisible, speed 3
a: no special abilities


You were on level 2 of the Dungeon.
You visited 1 branch of the dungeon, and saw 2 of its levels.

You collected 121 gold pieces.


Innate Abilities, Weirdness & Mutations

You are very small and have problems with some larger weapons.
You are too small for most types of armour.
You have supernaturally acute eyesight. (SInv)
You cover ground extremely quickly. (Speed+++)


   Skills:
 - Level 1.5 Fighting
 + Level 4.5 Ranged Weapons
 - Level 4.0 Dodging
 - Level 1.5 Stealth


You had 2 spell levels left.
You didn't know any spells.
Your spell library was empty.

Inventory:

Hand Weapons
 a - a +0 shortbow of flaming (weapon)
Armour
 c - a +0 robe (worn)
Jewellery
 b - an amulet of regeneration
 d - a ring of poison resistance
Scrolls
 e - 2 scrolls of enchant weapon {unknown}
 g - a scroll of fog {unknown}
Potions
 f - a potion of mutation {unknown}

Dungeon Overview and Level Annotations

Branches:
Dungeon (2/15)

Altars:

Annotations:
D:2 Natasha


Message History

Found 10 gold pieces.
You shoot an arrow. The arrow misses the bat.
The bat hits you but does no damage.
You shoot an arrow.
The arrow hits the bat but does no damage.
The kobold shouts!
The bat closely misses you.
You shoot an arrow.
The arrow hits the bat but does no damage.
The bat completely misses you.
You shoot an arrow. The arrow hits the bat!
The arrow burns the bat.
You kill the bat!
You shoot an arrow. The arrow hits the kobold!
The arrow burns the kobold.
You kill the kobold!
You now have 96 gold pieces (gained 10).
You now have 105 gold pieces (gained 9).
Found a stone staircase leading up.
Enter note:
f - a sedimented dark potion You now have 121 gold pieces (gained 16).
g - a scroll labelled ESATIA MUETUM
Found a robe.
Natasha, Servant of Life and Death comes into view.
You shoot an arrow.
The arrow hits Natasha but does no damage.
Natasha hisses angrily.
Natasha stares at you and mumbles some strange words.
You resist with some effort.
You shoot an arrow. The arrow hits Natasha.
The arrow burns Natasha.
Natasha is heavily wounded.
Natasha casts a spell at you. The magic dart hits you!
Ouch! That really hurt!
You shoot an arrow. The arrow hits Natasha.
The arrow burns Natasha.
Natasha is severely wounded.
Natasha stares at you and mumbles some strange words.
The magic dart hits you!
Ouch! That really hurt!
You die...
Natasha curls up and begins to purr.

..........######
#.. ###.......#
##.....## #....##
####...########
..............#
##########.##.#
#####.##.#####
######..........@.#
#......###.##.###h#
#.###### #.##[# .#
#.# #.##.# .# #.#
#.##.# .. #.#
#.##.. .. #.#
#.#### ##. #.## #..
. ...# #..


You could see Natasha.

Vanquished Creatures
  A dart slug (D:1)
  3 ball pythons (D:1)
  2 endoplasms
  A giant cockroach (D:1)
  5 goblins
  5 hobgoblins
  A quokka (D:1)
  3 bats
  A frilled lizard (D:1)
  5 kobolds
  6 rats
33 creatures vanquished.

Notes
Turn   | Place    | Note
-------+----------+-------------------------------------------
     0 | D:1      | qw the Spriggan Hunter began the quest for the Orb.
     0 | D:1      | Reached XP level 1. HP: 10/10 MP: 2/2
     0 | D:1      | 0 ||| qw: Version: 0.3-a-155-g5e7d8dd
     0 | D:1      | 0 ||| qw: Game counter: 988
     0 | D:1      | 0 ||| qw: Melee chars always use a shield: true
     0 | D:1      | 0 ||| qw: God list: Okawaru
     0 | D:1      | 0 ||| qw: Allow faded altars: false
     0 | D:1      | 0 ||| qw: Do Orc after clearing Dungeon:15 true
     0 | D:1      | 0 ||| qw: Do second Lair branch before Depths: true
     0 | D:1      | 0 ||| qw: Lair rune preference: random
     0 | D:1      | 0 ||| qw: Goals: Normal
     0 | D:1      | 0 ||| PLANNING D:1-11
    60 | D:1      | Reached skill level 3 in Dodging
   110 | D:1      | Reached XP level 2. HP: 14/14 MP: 3/3
   512 | D:1      | 512 ||| READING 2 scrolls labelled XUEWICREUM.
   512 | D:1      | 512 ||| IDENTIFYING green potion
   513 | D:1      | 513 ||| READING scroll of identify.
   513 | D:1      | 513 ||| IDENTIFYING fuming amethyst potion
   514 | D:1      | 514 ||| READING scroll labelled JOW EDDETIE.
   615 | D:1      | 615 ||| READING 2 scrolls labelled XIHORH RUFU.
   616 | D:1      | 616 ||| READING scroll labelled MYUCWE JEODAL.
   616 | D:1      | 616 ||| BRANDING +0 shortbow.
   617 | D:1      | 617 ||| READING scroll labelled BOBUTU EHAC.
   618 | D:1      | 618 ||| READING scroll labelled HEDAUM PECH.
   719 | D:1      | 719 ||| DROPPING scroll of butterflies.
   720 | D:1      | 720 ||| DROPPING scroll of fear.
   721 | D:1      | 721 ||| DROPPING potion of degeneration.
   722 | D:1      | 722 ||| DROPPING potion of attraction.
   841 | D:2      | Reached XP level 3. HP: 18/18 MP: 4/4
   929 | D:2      | Found a faded altar of an unknown god.
  1056 | D:2      | Noticed Natasha
  1059 | D:2      | Killed from afar by Natasha

Levels and vault maps discovered:
D:1:      dpeg_arrival_signposts, layout_basic, serial_bayou_pond_e,
          minmay_unequal
D:2:      layout_loops_ring, ebering_ecumenical_altar_mist,
          minmay_misc_feat_ornament, uniq_natasha

Skill      XL: |  1  2 |
---------------+-------+-----
Dodging        | 3 4 |  4.0
Fighting       | |  1.5
Ranged Weapons | |  4.5
Stealth        | |  1.5

Action                     || total
---------------------------++-------
   Fire: Shortbow          ||    85
    Use: Scroll            ||     7
 Armour: Robe              ||     7
  Dodge: Dodged            ||    17

Table legend:
 A = Non-vault XP
 B = Vault XP
 C = Vault XP percentage of total XP
 D = Non-vault monster count
 E = Vault monster count
 F = Vault count percentage of total count
                 A         B        C        D         E       F
            +---------+---------+-------+---------+---------+-------
      Total |      47 |       6 |  11.3 |      29 |       4 |  12.1
            +---------+---------+-------+---------+---------+-------
        D:1 |      25 |       6 |  19.4 |      16 |       4 |  20.0
        D:2 |      22 |       0 |   0.0 |      13 |       0 |   0.0
            +---------+---------+-------+---------+---------+-------
